Washington Capitals vs Anaheim Ducks
Created - Monday, June 19, 2023 at 07:02
Goals
|
| Washington Capitals |
0 |
2 |
0 |
2 |
| Anaheim Ducks |
0 |
0 |
3 |
3 |
|
Shots
|
| Washington Capitals |
10 |
16 |
16 |
42 |
| Anaheim Ducks |
6 |
9 |
16 |
31 |
|
1st period
No Goal
Penalties :
Brayden Point (WSH) for Hooking (Minor) at 13:58
2nd period
1. Washington Capitals , Brayden Point 34 (Patrick Kane 54, Nikita Zaitsev 19) at 11:35
2. Washington Capitals , Jordan Kyrou 10 (Drake Batherson 15, Barrett Hayton 14) at 12:51
Penalties :
Alex Killorn (ANA) for Hooking (Minor) at 5:03, Josh Morrissey (ANA) for High sticking (Minor) at 14:04, Nazem Kadri (ANA) for Tripping (Minor) at 18:30
3rd period
3. Anaheim Ducks , John Tavares 27 (Alex Killorn 27, Teuvo Teravainen 29) at 8:10 (PP)
4. Anaheim Ducks , William Nylander 36 (Nazem Kadri 56) at 14:59
5. Anaheim Ducks , J.T. Compher 10 (Chandler Stephenson 17, Brenden Dillon 8) at 17:03
Penalties :
Drake Batherson (WSH) for Boarding (Minor) at 7:20
Goalie Stats
Jake Oettinger (WSH), 28 saves from 31 shots - (0.903), L, 37-21-2, 59:08 minutes
Linus Ullmark (ANA), 40 saves from 42 shots - (0.952), W, 27-19-7, 60:00 minutes
Players Stats for Washington Capitals
Player Name G A P +/- PIM S H SB GA TA FO MP PP MP PK MP
------------------------------------------------------------------------------------
Alex Ovechkin 0 0 0 0 0 4 2 0 1 1 1/5 22:34 3:20 0:00
Barrett Hayton 0 1 1 0 0 2 1 0 1 0 5/7 13:29 2:35 0:54
Brad Marchand 0 0 0 0 0 1 2 1 1 1 1/1 17:55 2:35 1:37
Brayden Point 1 0 1 0 2 3 2 0 1 0 9/22 22:34 3:20 0:00
Connor Murphy 0 0 0 0 0 3 1 0 0 1 0/0 24:12 2:35 1:08
Drake Batherson 0 1 1 0 2 4 1 0 0 0 0/0 10:09 0:02 0:00
Dylan DeMelo 0 0 0 1 0 1 1 0 0 0 0/0 19:54 0:00 0:00
Fabian Zetterlund 0 0 0 0 0 2 0 0 0 0 0/0 8:08 0:00 0:00
Ian Cole 0 0 0 -1 0 0 0 0 0 1 0/0 10:28 0:04 0:00
Isac Lundestrom 0 0 0 0 0 0 0 0 0 0 3/7 10:04 0:02 1:37
Jason Robertson 0 0 0 0 0 4 0 0 3 0 0/1 16:21 2:35 0:03
John Carlson 0 0 0 1 0 3 0 0 1 0 0/0 29:08 3:18 1:41
Jordan Kyrou 1 0 1 0 0 4 2 0 0 0 0/0 10:52 0:02 0:41
Nick Jensen 0 0 0 -1 0 1 0 3 0 0 0/0 15:20 3:22 1:08
Nico Hischier 0 0 0 0 0 4 1 0 0 0 12/19 14:21 0:00 0:46
Nikita Zaitsev 0 1 1 0 0 1 1 3 0 0 0/0 20:58 2:35 1:41
Owen Tippett 0 0 0 0 0 0 0 0 0 0 0/0 8:08 0:00 0:00
Patrick Kane 0 1 1 0 0 5 0 0 2 0 1/2 22:34 3:20 0:00
Players Stats for Anaheim Ducks
Player Name G A P +/- PIM S H SB GA TA FO MP PP MP PK MP
------------------------------------------------------------------------------------
Alex Killorn 0 1 1 0 2 1 0 0 1 3 1/1 19:37 1:18 2:22
Brayden Schenn 0 0 0 0 0 3 0 1 0 0 1/1 13:52 0:00 1:42
Brenden Dillon 0 1 1 0 0 0 0 0 0 1 0/0 13:01 0:00 0:00
Calle Jarnkrok 0 0 0 0 0 0 0 0 0 0 0/1 7:40 0:00 0:15
Chandler Stephenson 0 1 1 0 0 2 3 1 0 1 7/13 16:27 0:00 3:25
Esa Lindell 0 0 0 0 0 2 0 3 0 2 0/0 23:48 1:10 3:49
Ivan Provorov 0 0 0 0 0 0 0 1 0 0 0/0 25:10 1:39 3:49
J.T. Compher 1 0 1 0 0 2 0 0 0 0 1/1 14:06 0:00 2:14
Jakob Chychrun 0 0 0 0 0 0 0 1 0 0 0/0 21:49 1:10 2:08
John Tavares 1 0 1 0 0 3 1 0 1 0 6/17 17:08 1:18 0:44
Josh Manson 0 0 0 0 0 0 0 1 0 0 0/0 15:35 0:00 2:08
Josh Morrissey 0 0 0 0 2 1 0 1 1 1 0/0 20:54 1:39 0:00
Mark Scheifele 0 0 0 0 0 5 1 0 0 1 2/2 17:12 1:31 0:00
Mason Marchment 0 0 0 0 0 2 1 0 0 0 0/0 7:25 0:00 0:00
Nazem Kadri 0 1 1 0 2 4 2 0 0 0 10/19 17:38 1:31 0:15
Radek Faksa 0 0 0 0 0 0 1 0 0 0 2/2 9:20 0:00 0:57
Teuvo Teravainen 0 1 1 0 0 2 1 0 0 0 0/3 16:06 1:18 0:00
William Nylander 1 0 1 0 0 4 0 0 1 1 2/4 17:12 1:31 0:00
3 Stars
1 - Linus Ullmark (ANA)
2 - John Tavares (ANA)
3 - Jordan Kyrou (WSH)
Power Play
Washington Capitals - 0 on 3 Attempt(s) - 0.00%
Anaheim Ducks - 1 on 2 Attempt(s) - 50.00%
Penalty Kill
Washington Capitals - 1 on 2 Attempt(s) - 50.00%
- Score 0 goal in Penalty Kill
Anaheim Ducks - 3 on 3 Attempt(s) - 100.00%
- Score 0 goal in Penalty Kill
Team Stat
Washington Capitals - Hits : 14 - Faceoff Wins : 32 - Blocked Shots : 7 - Penalty Minutes : 4
Anaheim Ducks - Hits : 10 - Faceoff Wins : 32 - Blocked Shots : 9 - Penalty Minutes : 6
Official
Referees : Mike Leggo and Gord Dwyer
Linesman : Pierre Racicot and Mark Wheler
Game Notes
No Game Note
Finance
Level 1 -- Attendance: 4932 (82.20%) -- Ticket Income $493,200
Level 2 -- Attendance: 3708 (74.16%) -- Ticket Income $222,480
Level 3 -- Attendance: 1914 (63.80%) -- Ticket Income $88,044
Level 4 -- Attendance: 3892 (77.84%) -- Ticket Income $97,300
Luxury Box -- Attendance: 749 (74.90%) -- Ticket Income $149,800
Game was played at the Honda Center.
Total Attendance: 15195 (75.98%)
Total Ticket Income: $1,050,824
Other Income: $367,788
Total Income: $1,418,612
Washington Capitals
5 vs 5 Forward
Center Left Wing Right Wing Time % Phy DF OF
1 Brayden Point Alex Ovechkin Patrick Kane 40 1 2 2
2 Nico Hischier Brad Marchand Jason Robertson 30 1 2 2
3 Barrett Hayton Jordan Kyrou Drake Batherson 20 1 2 2
4 Isac Lundestrom Fabian Zetterlund Owen Tippett 10 1 2 2
5 vs 5 Defense
Defense Defense Time % Phy DF OF
1 John Carlson Dylan DeMelo 40 1 2 2
2 Connor Murphy Nikita Zaitsev 30 1 2 2
3 Ian Cole Nick Jensen 20 1 2 2
4 John Carlson Connor Murphy 10 1 2 2
PowerPlay Forward
Center Left Wing Right Wing Time % Phy DF OF
1 Brayden Point Alex Ovechkin Patrick Kane 60 1 2 2
2 Barrett Hayton Brad Marchand Jason Robertson 40 1 2 2
PowerPlay Defense
Defense Defense Time % Phy DF OF
1 John Carlson Nick Jensen 60 1 2 2
2 Connor Murphy Nikita Zaitsev 40 1 2 2
Penalty Kill 4 Players Forward
Center Wing Time % Phy DF OF
1 Isac Lundestrom Brad Marchand 60 1 2 2
2 Nico Hischier Barrett Hayton 40 1 2 2
Penalty Kill 4 Players Defense
Defense Defense Time % Phy DF OF
1 John Carlson Nikita Zaitsev 60 1 2 2
2 Connor Murphy Nick Jensen 40 1 2 2
Penalty Kill - 3 Players Forward
Forward Time % Phy DF OF
1 Isac Lundestrom 60 1 2 2
2 Brad Marchand 40 1 2 2
Penalty Kill - 3 Players Defense
Defense Defense Time % Phy DF OF
1 John Carlson Nikita Zaitsev 60 1 2 2
2 Connor Murphy Nick Jensen 40 1 2 2
4 vs 4 Forward
Center Wing Time % Phy DF OF
1 Brayden Point Alex Ovechkin 60 1 2 2
2 Nico Hischier Patrick Kane 40 1 2 2
4 vs 4 Defense
Defense Defense Time % Phy DF OF
1 John Carlson Ian Cole 60 1 2 2
2 Connor Murphy Nikita Zaitsev 40 1 2 2
Last Minutes Offensive
Center Left Wing Right Wing Defense Defense
Brayden Point Alex Ovechkin Patrick Kane John Carlson Dylan DeMelo
Last Minutes Defensive
Center Left Wing Right Wing Defense Defense
Isac Lundestrom Barrett Hayton Brad Marchand John Carlson Dylan DeMelo
Goaltenders
Starting : Jake Oettinger
Backup : Vitek Vanecek
Extra Forwards
Normal : Isac Lundestrom, Drake Batherson, Jordan Kyrou - PP : Isac Lundestrom, Drake Batherson - PK : Jordan Kyrou
Extra Defensemen
Normal : Ian Cole, Nikita Zaitsev, Connor Murphy - PP : Ian Cole - PK : John Carlson, Connor Murphy
Penalty Shots
Brayden Point, Alex Ovechkin, Patrick Kane, Brad Marchand, Jason Robertson
Anaheim Ducks
5 vs 5 Forward
Center Left Wing Right Wing Time % Phy DF OF
1 Nazem Kadri William Nylander Mark Scheifele 36 1 2 2
2 John Tavares Alex Killorn Teuvo Teravainen 34 1 2 2
3 Chandler Stephenson Brayden Schenn J.T. Compher 20 1 2 2
4 Radek Faksa Calle Jarnkrok Mason Marchment 10 1 2 2
5 vs 5 Defense
Defense Defense Time % Phy DF OF
1 Ivan Provorov Josh Morrissey 40 1 2 2
2 Jakob Chychrun Esa Lindell 35 1 2 2
3 Brenden Dillon Josh Manson 25 1 2 2
4 Ivan Provorov Esa Lindell 0 1 2 2
PowerPlay Forward
Center Left Wing Right Wing Time % Phy DF OF
1 Nazem Kadri Mark Scheifele William Nylander 55 1 2 2
2 John Tavares Alex Killorn Teuvo Teravainen 45 1 2 2
PowerPlay Defense
Defense Defense Time % Phy DF OF
1 Ivan Provorov Josh Morrissey 55 1 2 2
2 Esa Lindell Jakob Chychrun 45 1 2 2
Penalty Kill 4 Players Forward
Center Wing Time % Phy DF OF
1 Chandler Stephenson Alex Killorn 60 1 2 2
2 Radek Faksa J.T. Compher 40 1 2 2
Penalty Kill 4 Players Defense
Defense Defense Time % Phy DF OF
1 Ivan Provorov Esa Lindell 60 1 2 2
2 Josh Manson Jakob Chychrun 40 1 2 2
Penalty Kill - 3 Players Forward
Forward Time % Phy DF OF
1 Alex Killorn 60 1 2 2
2 Chandler Stephenson 40 1 2 2
Penalty Kill - 3 Players Defense
Defense Defense Time % Phy DF OF
1 Ivan Provorov Esa Lindell 60 1 2 2
2 Josh Manson Jakob Chychrun 40 1 2 2
4 vs 4 Forward
Center Wing Time % Phy DF OF
1 Nazem Kadri William Nylander 50 1 2 2
2 John Tavares Mark Scheifele 50 1 2 2
4 vs 4 Defense
Defense Defense Time % Phy DF OF
1 Esa Lindell Ivan Provorov 60 1 2 2
2 Brenden Dillon Jakob Chychrun 40 1 2 2
Last Minutes Offensive
Center Left Wing Right Wing Defense Defense
Nazem Kadri John Tavares William Nylander Jakob Chychrun Josh Morrissey
Last Minutes Defensive
Center Left Wing Right Wing Defense Defense
Chandler Stephenson Alex Killorn Radek Faksa Ivan Provorov Esa Lindell
Goaltenders
Starting : Linus Ullmark
Backup : Jack Campbell
Extra Forwards
Normal : Nazem Kadri, William Nylander, John Tavares - PP : William Nylander, Nazem Kadri - PK : Alex Killorn
Extra Defensemen
Normal : Ivan Provorov, Esa Lindell, Jakob Chychrun - PP : Josh Morrissey - PK : Ivan Provorov, Esa Lindell
Penalty Shots
Jakob Chychrun, Brenden Dillon, Calle Jarnkrok, Mark Scheifele, John Tavares
% Time on Ice - Washington Capitals
Lines # - Real PCT - Wanted PCT - Time Play
Normal Forward
1 - 37% - 40% - 18:35
2 - 27% - 30% - 13:43
3 - 20% - 20% - 9:51
4 - 16% - 10% - 8:08
Normal Defense
1 - 40% - 40% - 20:17
2 - 32% - 30% - 16:13
3 - 20% - 20% - 9:59
4 - 8% - 10% - 3:48
PP Forward
1 - 57% - 60% - 3:22
2 - 43% - 40% - 2:35
PP Defense
1 - 57% - 60% - 3:22
2 - 43% - 40% - 2:35
PK Forward
1 - 82% - 60% - 2:18
2 - 18% - 40% - 0:31
PK Defense
1 - 60% - 60% - 1:41
2 - 40% - 40% - 1:08
PK3 Forward
1 - 0% - 60%
2 - 0% - 40%
PK3 Defense
1 - 0% - 60%
2 - 0% - 40%
44 Forward
1 - 0% - 60%
2 - 0% - 40%
44 Defense
1 - 0% - 60%
2 - 0% - 40%
Last Minute Offensive - 0:57
Last Minute Defensive - 0:00
Total
Forward - 60:00
Defense - 60:00
|
% Time on Ice - Anaheim Ducks
Lines # - Real PCT - Wanted PCT - Time Play
Normal Forward
1 - 32% - 36% - 16:11
2 - 29% - 34% - 14:48
3 - 24% - 20% - 11:52
4 - 15% - 10% - 7:25
Normal Defense
1 - 40% - 40% - 19:59
2 - 34% - 35% - 17:16
3 - 26% - 25% - 13:01
4 - 0% - 0% - 0:00
PP Forward
1 - 54% - 55% - 1:31
2 - 46% - 45% - 1:18
PP Defense
1 - 59% - 55% - 1:39
2 - 41% - 45% - 1:10
PK Forward
1 - 84% - 60% - 5:00
2 - 16% - 40% - 0:57
PK Defense
1 - 64% - 60% - 3:49
2 - 36% - 40% - 2:08
PK3 Forward
1 - 0% - 60%
2 - 0% - 40%
PK3 Defense
1 - 0% - 60%
2 - 0% - 40%
44 Forward
1 - 0% - 50%
2 - 0% - 50%
44 Defense
1 - 0% - 60%
2 - 0% - 40%
Last Minute Offensive - 0:00
Last Minute Defensive - 0:58
Total
Forward - 60:00
Defense - 60:00
|
Play-by-Play
1st period
0:01 of 1st period - Brayden Point wins face-off versus Nazem Kadri in neutral zone.
0:52 of 1st period - Icing by Barrett Hayton.
0:53 of 1st period - Barrett Hayton wins face-off versus Chandler Stephenson in Washington Capitals zone.
1:32 of 1st period - Slapshot by Jordan Kyrou.
1:32 of 1st period - Shot Blocked by Chandler Stephenson.
1:34 of 1st period - Wrist shot by Barrett Hayton.
1:34 of 1st period - Stopped by Linus Ullmark with a rebound.
1:36 of 1st period - Wrist shot by Jordan Kyrou.
1:36 of 1st period - Stopped by Linus Ullmark without a rebound.
1:37 of 1st period - John Tavares wins face-off versus Alex Ovechkin in Anaheim Ducks zone.
1:37 of 1st period - John Tavares is hit by Brayden Point.
2:24 of 1st period - Icing by Nico Hischier.
2:25 of 1st period - Radek Faksa wins face-off versus Isac Lundestrom in Washington Capitals zone.
2:54 of 1st period - Wrist shot by Brayden Point.
2:54 of 1st period - Shot Hit the Post.
3:16 of 1st period - Snap shot by Mark Scheifele.
3:16 of 1st period - Deflect By William Nylander.
3:16 of 1st period - Shot Misses the Net.
3:16 of 1st period - Puck is out of play.
3:17 of 1st period - Nazem Kadri wins face-off versus Brayden Point in Washington Capitals zone.
3:24 of 1st period - Snap shot by Mark Scheifele.
3:24 of 1st period - Shot Misses the Net.
3:43 of 1st period - Icing by Nazem Kadri.
3:44 of 1st period - John Tavares wins face-off versus Nico Hischier in Anaheim Ducks zone.
3:44 of 1st period - John Tavares is hit by Brad Marchand.
4:16 of 1st period - Snap shot by Fabian Zetterlund.
4:16 of 1st period - Shot Misses the Net.
4:18 of 1st period - Snap shot by Nikita Zaitsev.
4:18 of 1st period - Shot Misses the Net.
4:20 of 1st period - Slapshot by Connor Murphy.
4:20 of 1st period - Shot Misses the Net.
4:42 of 1st period - Snap shot by Teuvo Teravainen.
4:42 of 1st period - Shot Blocked by Nikita Zaitsev.
5:25 of 1st period - Snap shot by Jason Robertson.
5:25 of 1st period - Stopped by Linus Ullmark with a rebound.
5:27 of 1st period - Snap shot by Brad Marchand.
5:27 of 1st period - Stopped by Linus Ullmark without a rebound.
5:28 of 1st period - Nico Hischier wins face-off versus Calle Jarnkrok in Anaheim Ducks zone.
5:49 of 1st period - Calle Jarnkrok is hit by Brad Marchand and loses puck.
5:58 of 1st period - Snap shot by Mason Marchment.
5:58 of 1st period - Stopped by Jake Oettinger without a rebound.
5:59 of 1st period - Brayden Point wins face-off versus William Nylander in Washington Capitals zone.
6:08 of 1st period - Wrist shot by Alex Ovechkin.
6:08 of 1st period - Shot Misses the Net.
6:16 of 1st period - Wrist shot by Alex Ovechkin.
6:16 of 1st period - Stopped by Linus Ullmark with a rebound.
6:33 of 1st period - Snap shot by Chandler Stephenson.
6:33 of 1st period - Stopped by Jake Oettinger without a rebound.
6:34 of 1st period - Chandler Stephenson wins face-off versus Brayden Point in Washington Capitals zone.
7:11 of 1st period - Snap shot by Mark Scheifele.
7:11 of 1st period - Stopped by Jake Oettinger with a rebound.
7:29 of 1st period - Josh Manson is hit by Connor Murphy and loses puck.
7:49 of 1st period - Off-side.
7:50 of 1st period - Radek Faksa wins face-off versus Barrett Hayton in neutral zone.
8:15 of 1st period - Brayden Point is hit by Nazem Kadri and loses puck.
8:46 of 1st period - Snap shot by Nico Hischier.
8:46 of 1st period - Shot Misses the Net.
8:48 of 1st period - Slapshot by Dylan DeMelo.
8:48 of 1st period - Shot Hit the Post.
9:02 of 1st period - Slapshot by Chandler Stephenson.
9:02 of 1st period - Shot Misses the Net.
9:04 of 1st period - Wrist shot by Esa Lindell.
9:04 of 1st period - Stopped by Jake Oettinger without a rebound.
9:05 of 1st period - Brayden Schenn wins face-off versus Isac Lundestrom in Washington Capitals zone.
9:58 of 1st period - Snap shot by Drake Batherson.
9:58 of 1st period - Stopped by Linus Ullmark with a rebound.
11:28 of 1st period - Wrist shot by Drake Batherson.
11:28 of 1st period - Shot Blocked by Josh Manson.
11:30 of 1st period - Slapshot by Ian Cole.
11:30 of 1st period - Shot Misses the Net.
11:32 of 1st period - Slapshot by Nick Jensen.
11:32 of 1st period - Shot Misses the Net.
12:02 of 1st period - Snap shot by Brayden Point.
12:02 of 1st period - Stopped by Linus Ullmark with a rebound.
12:04 of 1st period - Snap shot by Brayden Point.
12:04 of 1st period - Shot Misses the Net.
12:06 of 1st period - Snap shot by Nikita Zaitsev.
12:06 of 1st period - Shot Misses the Net.
12:08 of 1st period - Snap shot by Alex Ovechkin.
12:08 of 1st period - Shot Misses the Net.
13:10 of 1st period - Snap shot by Brad Marchand.
13:10 of 1st period - Shot Misses the Net.
13:12 of 1st period - Slapshot by Dylan DeMelo.
13:12 of 1st period - Shot Hit the Post.
13:34 of 1st period - Wrist shot by Nazem Kadri.
13:34 of 1st period - Deflect By William Nylander.
13:34 of 1st period - Shot Misses the Net.
13:34 of 1st period - Puck is out of play.
13:35 of 1st period - Nazem Kadri wins face-off versus Brayden Point in Washington Capitals zone.
13:38 of 1st period - Wrist shot by Nazem Kadri.
13:38 of 1st period - Stopped by Jake Oettinger with a rebound.
13:58 of 1st period - Minor Penalty to Brayden Point for Hooking.
13:59 of 1st period - Nazem Kadri wins face-off versus Isac Lundestrom in Washington Capitals zone.
14:15 of 1st period - Snap shot by Nazem Kadri.
14:15 of 1st period - Stopped by Jake Oettinger with a rebound.
15:58 of 1st period - Penalty to Brayden Point is over, Brayden Point is back on ice.
16:39 of 1st period - Nick Jensen is hit by Radek Faksa and loses puck.
17:24 of 1st period - Snap shot by Jason Robertson.
17:24 of 1st period - Deflect By Barrett Hayton.
17:24 of 1st period - Stopped by Linus Ullmark with a rebound.
17:40 of 1st period - Slapshot by Fabian Zetterlund.
17:40 of 1st period - Stopped by Linus Ullmark without a rebound.
17:41 of 1st period - Isac Lundestrom wins face-off versus Nazem Kadri in Anaheim Ducks zone.
17:46 of 1st period - Slapshot by Isac Lundestrom.
17:46 of 1st period - Shot Misses the Net.
18:06 of 1st period - Snap shot by Nico Hischier.
18:06 of 1st period - Stopped by Linus Ullmark without a rebound.
18:07 of 1st period - John Tavares wins face-off versus Nico Hischier in Anaheim Ducks zone.
18:40 of 1st period - Brayden Point is hit by Chandler Stephenson and loses puck.
19:28 of 1st period - Snap shot by Calle Jarnkrok.
19:28 of 1st period - Shot Misses the Net.
Goals for this period are 0 for Washington Capitals vs 0 for Anaheim Ducks.
Shots for this period are 10 for Washington Capitals vs 6 for Anaheim Ducks.
2nd period
0:01 of 2nd period - Mark Scheifele wins face-off versus Brayden Point in neutral zone.
0:08 of 2nd period - Wrist shot by Mark Scheifele.
0:08 of 2nd period - Stopped by Jake Oettinger with a rebound.
0:10 of 2nd period - Snap shot by Mark Scheifele.
0:10 of 2nd period - Stopped by Jake Oettinger with a rebound.
0:36 of 2nd period - Snap shot by Alex Ovechkin.
0:36 of 2nd period - Deflect By Patrick Kane.
0:36 of 2nd period - Stopped by Linus Ullmark with a rebound.
0:38 of 2nd period - Snap shot by Connor Murphy.
0:38 of 2nd period - Stopped by Linus Ullmark without a rebound.
0:39 of 2nd period - Nico Hischier wins face-off versus John Tavares in Anaheim Ducks zone.
0:48 of 2nd period - Wrist shot by Jason Robertson.
0:48 of 2nd period - Deflect By Ivan Provorov.
0:48 of 2nd period - Stopped by Linus Ullmark without a rebound.
0:49 of 2nd period - John Tavares wins face-off versus Nico Hischier in Anaheim Ducks zone.
0:56 of 2nd period - Snap shot by Nico Hischier.
0:56 of 2nd period - Shot Misses the Net.
1:08 of 2nd period - Snap shot by Jason Robertson.
1:08 of 2nd period - Shot Blocked by Josh Morrissey.
1:10 of 2nd period - Snap shot by Nico Hischier.
1:10 of 2nd period - Deflect By Brad Marchand.
1:10 of 2nd period - Shot Misses the Net.
1:10 of 2nd period - Puck is out of play.
1:11 of 2nd period - Nazem Kadri wins face-off versus Brayden Point in Anaheim Ducks zone.
1:16 of 2nd period - Patrick Kane is hit by Nazem Kadri and loses puck.
1:38 of 2nd period - Connor Murphy is hit by John Tavares and loses puck.
2:27 of 2nd period - Wrist shot by Mason Marchment.
2:27 of 2nd period - Stopped by Jake Oettinger with a rebound.
2:38 of 2nd period - Icing by Fabian Zetterlund.
2:39 of 2nd period - William Nylander wins face-off versus Patrick Kane in Washington Capitals zone.
3:08 of 2nd period - Wrist shot by Brayden Point.
3:08 of 2nd period - Stopped by Linus Ullmark without a rebound.
3:09 of 2nd period - Nico Hischier wins face-off versus Teuvo Teravainen in Anaheim Ducks zone.
4:10 of 2nd period - Wrist shot by Mark Scheifele.
4:10 of 2nd period - Stopped by Jake Oettinger with a rebound.
4:28 of 2nd period - Backhand shot by Fabian Zetterlund.
4:28 of 2nd period - Stopped by Linus Ullmark with a rebound.
4:42 of 2nd period - Slapshot by Nico Hischier.
4:42 of 2nd period - Stopped by Linus Ullmark with a rebound.
4:44 of 2nd period - Snap shot by Brad Marchand.
4:44 of 2nd period - Shot Hit the Post.
5:03 of 2nd period - Minor Penalty to Alex Killorn for Hooking.
5:04 of 2nd period - Chandler Stephenson wins face-off versus Brayden Point in Anaheim Ducks zone.
5:04 of 2nd period - Chandler Stephenson is hit by Nikita Zaitsev.
7:03 of 2nd period - Penalty to Alex Killorn is over, Alex Killorn is back on ice.
7:26 of 2nd period - Josh Manson is hit by Jordan Kyrou and loses puck.
7:52 of 2nd period - Josh Manson is hit by Barrett Hayton and loses puck.
8:27 of 2nd period - Dylan DeMelo is hit by Mason Marchment and loses puck.
8:45 of 2nd period - Off-side.
8:46 of 2nd period - Brayden Point wins face-off versus Chandler Stephenson in neutral zone.
8:55 of 2nd period - Wrist shot by Brayden Schenn.
8:55 of 2nd period - Deflect By J.T. Compher.
8:55 of 2nd period - Stopped by Jake Oettinger with a rebound.
9:44 of 2nd period - Wrist shot by Brayden Schenn.
9:44 of 2nd period - Shot Misses the Net.
10:02 of 2nd period - Chandler Stephenson is hit by Brayden Point and loses puck.
10:39 of 2nd period - Slapshot by Brayden Schenn.
10:39 of 2nd period - Stopped by Jake Oettinger with a rebound.
11:01 of 2nd period - Josh Manson is hit by Alex Ovechkin and loses puck.
11:24 of 2nd period - Alex Ovechkin is hit by Chandler Stephenson and loses puck.
11:35 of 2nd period - Wrist shot by Patrick Kane.
11:35 of 2nd period - Deflect By Brayden Point.
11:35 of 2nd period - Goal by Brayden Point - Washington Capitals : 1 - Anaheim Ducks : 0.
11:36 of 2nd period - Nazem Kadri wins face-off versus Nico Hischier in neutral zone.
12:03 of 2nd period - Jakob Chychrun is hit by Dylan DeMelo and loses puck.
12:08 of 2nd period - Snap shot by Drake Batherson.
12:08 of 2nd period - Shot Misses the Net.
12:10 of 2nd period - Snap shot by Jordan Kyrou.
12:10 of 2nd period - Shot Misses the Net.
12:12 of 2nd period - Snap shot by Jordan Kyrou.
12:12 of 2nd period - Stopped by Linus Ullmark without a rebound.
12:13 of 2nd period - Nico Hischier wins face-off versus John Tavares in Anaheim Ducks zone.
12:45 of 2nd period - Snap shot by Drake Batherson.
12:45 of 2nd period - Stopped by Linus Ullmark with a rebound.
12:47 of 2nd period - Slapshot by Nick Jensen.
12:47 of 2nd period - Stopped by Linus Ullmark without a rebound.
12:48 of 2nd period - Barrett Hayton wins face-off versus Nazem Kadri in Anaheim Ducks zone.
12:51 of 2nd period - Wrist shot by Jordan Kyrou.
12:51 of 2nd period - Goal by Jordan Kyrou - Washington Capitals : 2 - Anaheim Ducks : 0.
12:52 of 2nd period - Nazem Kadri wins face-off versus Nico Hischier in neutral zone.
12:54 of 2nd period - Off-side.
12:55 of 2nd period - Nazem Kadri wins face-off versus Nico Hischier in neutral zone.
13:22 of 2nd period - Wrist shot by John Carlson.
13:22 of 2nd period - Shot Blocked by Jakob Chychrun.
13:36 of 2nd period - John Tavares is hit by Jordan Kyrou.
14:04 of 2nd period - Minor Penalty to Josh Morrissey for High sticking.
14:05 of 2nd period - Chandler Stephenson wins face-off versus Alex Ovechkin in Anaheim Ducks zone.
16:04 of 2nd period - Penalty to Josh Morrissey is over, Josh Morrissey is back on ice.
16:29 of 2nd period - Slapshot by Nazem Kadri.
16:29 of 2nd period - Stopped by Jake Oettinger without a rebound.
16:30 of 2nd period - Isac Lundestrom wins face-off versus Nazem Kadri in Washington Capitals zone.
16:34 of 2nd period - Off-side.
16:35 of 2nd period - Brayden Point wins face-off versus John Tavares in neutral zone.
16:50 of 2nd period - Snap shot by Alex Ovechkin.
16:50 of 2nd period - Stopped by Linus Ullmark with a rebound.
16:52 of 2nd period - Backhand shot by Connor Murphy.
16:52 of 2nd period - Stopped by Linus Ullmark with a rebound.
17:24 of 2nd period - Snap shot by Jordan Kyrou.
17:24 of 2nd period - Stopped by Linus Ullmark without a rebound.
17:25 of 2nd period - Chandler Stephenson wins face-off versus Brayden Point in Anaheim Ducks zone.
17:40 of 2nd period - Wrist shot by Patrick Kane.
17:40 of 2nd period - Stopped by Linus Ullmark with a rebound.
17:42 of 2nd period - Slapshot by John Carlson.
17:42 of 2nd period - Shot Blocked by Brayden Schenn.
17:54 of 2nd period - Snap shot by Jason Robertson.
17:54 of 2nd period - Shot Misses the Net.
17:56 of 2nd period - Wrist shot by Nick Jensen.
17:56 of 2nd period - Deflect By Nico Hischier.
17:56 of 2nd period - Shot Misses the Net.
17:56 of 2nd period - Puck is out of play.
17:57 of 2nd period - John Tavares wins face-off versus Jason Robertson in Anaheim Ducks zone.
18:07 of 2nd period - Wrist shot by Teuvo Teravainen.
18:07 of 2nd period - Shot Blocked by Brad Marchand.
18:09 of 2nd period - Slapshot by Josh Morrissey.
18:09 of 2nd period - Shot Blocked by Nick Jensen.
18:11 of 2nd period - Wrist shot by Teuvo Teravainen.
18:11 of 2nd period - Stopped by Jake Oettinger with a rebound.
18:13 of 2nd period - Snap shot by Alex Killorn.
18:13 of 2nd period - Shot Blocked by Nick Jensen.
18:15 of 2nd period - Slapshot by John Tavares.
18:15 of 2nd period - Stopped by Jake Oettinger without a rebound.
18:16 of 2nd period - William Nylander wins face-off versus Alex Ovechkin in Washington Capitals zone.
18:30 of 2nd period - Minor Penalty to Nazem Kadri for Tripping.
18:31 of 2nd period - Brayden Point wins face-off versus Chandler Stephenson in Anaheim Ducks zone.
18:35 of 2nd period - Wrist shot by Patrick Kane.
18:35 of 2nd period - Stopped by Linus Ullmark without a rebound.
18:36 of 2nd period - Brayden Point wins face-off versus Chandler Stephenson in Anaheim Ducks zone.
19:23 of 2nd period - Wrist shot by Brad Marchand.
19:23 of 2nd period - Shot Misses the Net.
Goals for this period are 2 for Washington Capitals vs 0 for Anaheim Ducks.
Shots for this period are 16 for Washington Capitals vs 9 for Anaheim Ducks.
3rd period
0:01 of 3rd period - Chandler Stephenson wins face-off versus Brayden Point in neutral zone.
0:04 of 3rd period - Slapshot by Ivan Provorov.
0:04 of 3rd period - Shot Blocked by Nick Jensen.
0:30 of 3rd period - Penalty to Nazem Kadri is over, Nazem Kadri is back on ice.
0:35 of 3rd period - Slapshot by John Carlson.
0:35 of 3rd period - Shot Blocked by Esa Lindell.
1:05 of 3rd period - Snap shot by Nazem Kadri.
1:05 of 3rd period - Shot Blocked by Nikita Zaitsev.
1:07 of 3rd period - Snap shot by Nazem Kadri.
1:07 of 3rd period - Shot Blocked by Nikita Zaitsev.
1:09 of 3rd period - Snap shot by Mark Scheifele.
1:09 of 3rd period - Stopped by Jake Oettinger with a rebound.
1:11 of 3rd period - Snap shot by William Nylander.
1:11 of 3rd period - Stopped by Jake Oettinger with a rebound.
1:13 of 3rd period - Slapshot by Esa Lindell.
1:13 of 3rd period - Stopped by Jake Oettinger without a rebound.
1:14 of 3rd period - Nico Hischier wins face-off versus Nazem Kadri in Washington Capitals zone.
1:25 of 3rd period - Wrist shot by William Nylander.
1:25 of 3rd period - Stopped by Jake Oettinger with a rebound.
1:27 of 3rd period - Snap shot by Brenden Dillon.
1:27 of 3rd period - Shot Misses the Net.
1:56 of 3rd period - Icing by Nick Jensen.
1:57 of 3rd period - Chandler Stephenson wins face-off versus Brayden Point in Washington Capitals zone.
2:02 of 3rd period - Snap shot by Brayden Schenn.
2:02 of 3rd period - Stopped by Jake Oettinger without a rebound.
2:03 of 3rd period - Nico Hischier wins face-off versus Nazem Kadri in Washington Capitals zone.
2:10 of 3rd period - Wrist shot by William Nylander.
2:10 of 3rd period - Stopped by Jake Oettinger without a rebound.
2:11 of 3rd period - John Tavares wins face-off versus Nico Hischier in Washington Capitals zone.
2:30 of 3rd period - Snap shot by Nico Hischier.
2:30 of 3rd period - Shot Misses the Net.
2:32 of 3rd period - Wrist shot by Nico Hischier.
2:32 of 3rd period - Stopped by Linus Ullmark without a rebound.
2:33 of 3rd period - Nazem Kadri wins face-off versus Brayden Point in Anaheim Ducks zone.
3:00 of 3rd period - Nico Hischier is hit by Teuvo Teravainen and loses puck.
3:07 of 3rd period - Slapshot by Alex Killorn.
3:07 of 3rd period - Deflect By Teuvo Teravainen.
3:07 of 3rd period - Shot Misses the Net.
3:07 of 3rd period - Puck is out of play.
3:08 of 3rd period - Nico Hischier wins face-off versus John Tavares in Washington Capitals zone.
3:14 of 3rd period - Icing by Jason Robertson.
3:15 of 3rd period - Nico Hischier wins face-off versus John Tavares in Washington Capitals zone.
3:30 of 3rd period - Icing by Esa Lindell.
3:31 of 3rd period - Alex Ovechkin wins face-off versus John Tavares in Anaheim Ducks zone.
3:38 of 3rd period - Backhand shot by Patrick Kane.
3:38 of 3rd period - Stopped by Linus Ullmark with a rebound.
5:05 of 3rd period - Snap shot by Josh Morrissey.
5:05 of 3rd period - Deflect By Brayden Point.
5:05 of 3rd period - Stopped by Jake Oettinger without a rebound.
5:06 of 3rd period - Brayden Point wins face-off versus Teuvo Teravainen in Washington Capitals zone.
5:23 of 3rd period - Slapshot by Teuvo Teravainen.
5:23 of 3rd period - Stopped by Jake Oettinger with a rebound.
6:45 of 3rd period - Wrist shot by Connor Murphy.
6:45 of 3rd period - Stopped by Linus Ullmark with a rebound.
7:20 of 3rd period - Minor Penalty to Drake Batherson for Boarding.
7:21 of 3rd period - Isac Lundestrom wins face-off versus Nazem Kadri in Washington Capitals zone.
7:43 of 3rd period - Brad Marchand is hit by Mark Scheifele and loses puck.
8:04 of 3rd period - Backhand shot by John Tavares.
8:04 of 3rd period - Stopped by Jake Oettinger without a rebound.
8:05 of 3rd period - Alex Killorn wins face-off versus Isac Lundestrom in Washington Capitals zone.
8:10 of 3rd period - Slapshot by John Tavares.
8:10 of 3rd period - Goal by John Tavares - Washington Capitals : 2 - Anaheim Ducks : 1.
8:11 of 3rd period - Mark Scheifele wins face-off versus Brayden Point in neutral zone.
9:01 of 3rd period - Josh Morrissey is hit by Alex Ovechkin and loses puck.
9:40 of 3rd period - Slapshot by Nazem Kadri.
9:40 of 3rd period - Stopped by Jake Oettinger with a rebound.
9:46 of 3rd period - Slapshot by John Carlson.
9:46 of 3rd period - Deflect By Mark Scheifele.
9:46 of 3rd period - Stopped by Linus Ullmark with a rebound.
9:48 of 3rd period - Slapshot by Connor Murphy.
9:48 of 3rd period - Shot Misses the Net.
9:50 of 3rd period - Slapshot by John Carlson.
9:50 of 3rd period - Shot Misses the Net.
10:20 of 3rd period - Off-side.
10:21 of 3rd period - Nico Hischier wins face-off versus John Tavares in neutral zone.
10:29 of 3rd period - Off-side.
10:30 of 3rd period - Brad Marchand wins face-off versus John Tavares in neutral zone.
10:38 of 3rd period - Wrist shot by Alex Killorn.
10:38 of 3rd period - Stopped by Jake Oettinger without a rebound.
10:39 of 3rd period - Nico Hischier wins face-off versus Teuvo Teravainen in Washington Capitals zone.
11:57 of 3rd period - Nico Hischier is hit by Chandler Stephenson.
12:18 of 3rd period - Snap shot by John Carlson.
12:18 of 3rd period - Stopped by Linus Ullmark with a rebound.
12:20 of 3rd period - Slapshot by Dylan DeMelo.
12:20 of 3rd period - Deflect By Fabian Zetterlund.
12:20 of 3rd period - Shot Misses the Net.
12:20 of 3rd period - Puck is out of play.
12:21 of 3rd period - Barrett Hayton wins face-off versus Chandler Stephenson in Anaheim Ducks zone.
12:26 of 3rd period - Snap shot by Jordan Kyrou.
12:26 of 3rd period - Shot Blocked by Ivan Provorov.
12:28 of 3rd period - Slapshot by Dylan DeMelo.
12:28 of 3rd period - Shot Misses the Net.
12:30 of 3rd period - Snap shot by Drake Batherson.
12:30 of 3rd period - Stopped by Linus Ullmark without a rebound.
12:31 of 3rd period - J.T. Compher wins face-off versus Barrett Hayton in Anaheim Ducks zone.
13:06 of 3rd period - Wrist shot by Drake Batherson.
13:06 of 3rd period - Shot Misses the Net.
13:08 of 3rd period - Wrist shot by John Carlson.
13:08 of 3rd period - Deflect By Drake Batherson.
13:08 of 3rd period - Shot Blocked by Esa Lindell.
13:08 of 3rd period - Puck is out of play.
13:09 of 3rd period - Brayden Point wins face-off versus John Tavares in Anaheim Ducks zone.
13:49 of 3rd period - Slapshot by Alex Ovechkin.
13:49 of 3rd period - Stopped by Linus Ullmark with a rebound.
13:51 of 3rd period - Wrist shot by Alex Ovechkin.
13:51 of 3rd period - Stopped by Linus Ullmark with a rebound.
14:00 of 3rd period - Snap shot by Nikita Zaitsev.
14:00 of 3rd period - Stopped by Linus Ullmark without a rebound.
14:01 of 3rd period - Nico Hischier wins face-off versus John Tavares in Anaheim Ducks zone.
14:07 of 3rd period - Icing by Ivan Provorov.
14:08 of 3rd period - Nico Hischier wins face-off versus John Tavares in Anaheim Ducks zone.
14:09 of 3rd period - Slapshot by Jason Robertson.
14:09 of 3rd period - Shot Misses the Net.
14:11 of 3rd period - Slapshot by John Carlson.
14:11 of 3rd period - Stopped by Linus Ullmark with a rebound.
14:13 of 3rd period - Snap shot by Dylan DeMelo.
14:13 of 3rd period - Stopped by Linus Ullmark with a rebound.
14:15 of 3rd period - Wrist shot by Nico Hischier.
14:15 of 3rd period - Stopped by Linus Ullmark with a rebound.
14:53 of 3rd period - Wrist shot by Jason Robertson.
14:53 of 3rd period - Stopped by Linus Ullmark without a rebound.
14:54 of 3rd period - Nazem Kadri wins face-off versus Brayden Point in Anaheim Ducks zone.
14:59 of 3rd period - Slapshot by William Nylander.
14:59 of 3rd period - Goal by William Nylander - Washington Capitals : 2 - Anaheim Ducks : 2.
15:00 of 3rd period - Brayden Point wins face-off versus Nazem Kadri in neutral zone.
15:59 of 3rd period - Wrist shot by Nico Hischier.
15:59 of 3rd period - Shot Misses the Net.
17:01 of 3rd period - Wrist shot by Chandler Stephenson.
17:01 of 3rd period - Stopped by Jake Oettinger with a rebound.
17:03 of 3rd period - Wrist shot by J.T. Compher.
17:03 of 3rd period - Goal by J.T. Compher - Washington Capitals : 2 - Anaheim Ducks : 3.
17:04 of 3rd period - Barrett Hayton wins face-off versus William Nylander in neutral zone.
17:11 of 3rd period - Snap shot by Drake Batherson.
17:11 of 3rd period - Stopped by Linus Ullmark with a rebound.
17:15 of 3rd period - Wrist shot by Barrett Hayton.
17:15 of 3rd period - Shot Misses the Net.
17:26 of 3rd period - Icing by Ivan Provorov.
17:27 of 3rd period - Nazem Kadri wins face-off versus Brayden Point in Anaheim Ducks zone.
18:18 of 3rd period - John Tavares is hit by Nico Hischier and loses puck.
18:25 of 3rd period - Snap shot by Jason Robertson.
18:25 of 3rd period - Stopped by Linus Ullmark without a rebound.
18:26 of 3rd period - Chandler Stephenson wins face-off versus Alex Ovechkin in Anaheim Ducks zone.
18:37 of 3rd period - Slapshot by Chandler Stephenson.
18:37 of 3rd period - Shot Misses the Net.
18:39 of 3rd period - Snap shot by Brayden Schenn.
18:39 of 3rd period - Stopped by Jake Oettinger without a rebound.
18:40 of 3rd period - Barrett Hayton wins face-off versus Nazem Kadri in Washington Capitals zone.
18:49 of 3rd period - Jakob Chychrun is hit by Drake Batherson and loses puck.
19:08 of 3rd period - Washington Capitals, Jake Oettinger is pulled from the net.
19:30 of 3rd period - Wrist shot by Patrick Kane.
19:30 of 3rd period - Stopped by Linus Ullmark without a rebound.
19:31 of 3rd period - Ken Hitchcock call a timeout for Washington Capitals.
19:31 of 3rd period - Patrick Kane wins face-off versus Chandler Stephenson in Anaheim Ducks zone.
19:40 of 3rd period - Slapshot by Patrick Kane.
19:40 of 3rd period - Shot Misses the Net.
19:52 of 3rd period - Wrist shot by Patrick Kane.
19:52 of 3rd period - Shot Blocked by Esa Lindell.
Goals for this period are 0 for Washington Capitals vs 3 for Anaheim Ducks.
Shots for this period are 16 for Washington Capitals vs 16 for Anaheim Ducks.
Back to the Top